 Dungeon Crawl Stone Soup version 0.30-a0-1085-g990a428a5c (webtiles) character file.

Game seed: 4740071754044353734

20781 Aneyh the Warrior (level 12, -21/82 HPs)
             Began as a Tengu Monk on Apr 16, 2023.
             Was a Priest of Hepliaklqana.
             Demolished by a minotaur
             ... wielding the +7 great sword of Anguish {venom, rF++ rC+ rN++}
              (36 damage)
             ... in a Gauntlet.
             The game lasted 00:27:02 (11850 turns).

Aneyh the Warrior (Tengu Monk)                     Turns: 11850, Time: 00:27:04

Health: -21/82     AC: 14    Str: 11    XL:     12   Next: 83%
Magic:  13/13      EV: 27    Int: 15    God:    Hepliaklqana [***...]
Gold:   766        SH:  0    Dex: 33    Spells: 11/11 levels left

rFire   . . .      SeeInvis .    g - +2 scimitar (flame)
rCold   x . .      Faith    .    U - orb of Resourcefulness {mayhem, rC- Int+2 Dex+4}
rNeg    . . .      Spirit   .    v - +4 ring mail "Bocs" {Regen+ rCorr Int+3}
rPois   .          Reflect  .    (helmet restricted)
rElec   .          Rampage  .    Q - +1 cloak {rCorr}
rCorr   +          NoTele   +    M - +1 pair of gloves
Will    .....                    (boots unavailable)
Stlth   ++                       h - amulet of magic regeneration
HPRegen 1.13/turn                Z - +6 ring of dexterity
MPRegen 0.53/turn                L - +5 ring of evasion

@: lethally poisoned (-21 -> -21), flying quickly and evasively, hasted, very
quick
A: reduced essence, beak, talons 3, nimble flight
a: Renounce Religion, Recall Ancestor, Ancestor Identity, Transference


You were in a Gauntlet.
You worshipped Hepliaklqana.
Hepliaklqana was most pleased with you.
You visited 2 branches of the dungeon, and saw 14 of its levels.
You also visited: Gauntlet.

You collected 1002 gold pieces.
You spent 236 gold pieces at shops.

Inventory:

Hand Weapons
 e - a +2 great mace of protection
 g - a +2 scimitar of flaming (weapon)
 C - a +0 war axe
 G - a +4 falchion of freezing
 H - a +3 flail of freezing
 P - a +2 flail of holy wrath
 R - a +1 morningstar of protection
Missiles
 s - 24 poisoned darts (quivered)
Armour
 d - an orb of light
 i - a +0 troll leather armour
 t - +0 acid dragon scales
 v - the +4 ring mail "Bocs" (worn) {Regen+ rCorr Int+3}
   (You found it on level 4 of the Dungeon)

   Int:       It affects your intelligence (+3).
   Regen:     It increases your rate of health regeneration.
   rCorr:     It protects you from acid and corrosion.
 M - a +1 pair of gloves (worn)
 Q - a +1 cloak of preservation (worn)
 U - the orb of Resourcefulness (worn) {mayhem, rC- Int+2 Dex+4}
   (You bought it in a shop on level 8 of the Dungeon)

   Int:       It affects your intelligence (+2).
   Dex:       It affects your dexterity (+4).
   rC:        It makes you vulnerable to cold.
Magical Staves
 A - a staff of fire
Jewellery
 h - an amulet of magic regeneration (around neck)
 z - the ring of the Tortoise {AC+8}
   (You found it in a Gauntlet)

   [ring of protection]

   AC:        It affects your AC (+8).
 F - a ring of poison resistance
 L - a +5 ring of evasion (right hand)
 Y - a ring of positive energy
 Z - a +6 ring of dexterity (left hand)
Wands
 k - a wand of flame (29)
 m - a wand of polymorph (11)
 x - a wand of charming (17)
 K - a wand of digging (5)
Scrolls
 a - a scroll of fear {unknown}
 b - 2 scrolls of fog
 l - 2 scrolls of blinking
 p - a scroll of identify
 u - 2 scrolls of poison
 E - 2 scrolls of teleportation
 V - a scroll of magic mapping {unknown}
Potions
 f - a potion of haste
 j - 6 potions of curing
 q - 8 potions of brilliance
 w - a potion of magic
 D - a potion of might {unknown}
 I - a potion of cancellation {unknown}
 N - 2 potions of lignification
 S - a potion of resistance {unknown}
 T - 3 potions of mutation {unknown}
 X - a potion of degeneration {unknown}


   Skills:
 * Level 18.1 Fighting
 - Level 7.0 Long Blades
 - Level 6.0 Armour
 - Level 8.0 Dodging


You had 11 spell levels left.
You didn't know any spells.
Your spell library contained the following spells:

 Spells                   Type           Power      Damage    Failure   Level
 Apportation              Tloc           0%         N/A       50%         1
 Magic Dart               Conj           0%         1d3       50%         1
 Ensorcelled Hibernation  Hex/Ice        0%         N/A       65%         2
 Passwall                 Tmut/Erth      0%         N/A       65%         2
 Searing Ray              Conj           0%         2d4       65%         2
 Gell's Gravitas          Tloc           0%         N/A       86%         3
 Swiftness                Air            0%         N/A       86%         3
 Teleport Other           Tloc           0%         N/A       86%         3
 Fulminant Prism          Conj/Hex       0%         3d5       99%         4
 Alistair's Intoxication  Tmut/Pois      0%         N/A       100%        5
 Dispersal                Tloc           0%         N/A       100%        6


Dungeon Overview and Level Annotations

Branches:
Dungeon (13/15)            Temple (1/1) D:5            Lair (0/5) D:9
    Orc (0/2) D:10        Gauntlet (1/1)
 Vaults: D:13-14

Altars:
Ashenzari
Cheibriados
Dithmenos
Elyvilon
Fedhas
Gozag
Hepliaklqana
Kikubaaqudgha
Makhleb
Nemelex Xobeh
Okawaru
Qazlal
Ru
Sif Muna
Trog
Uskayaw
Vehumet
Wu Jian
Xom
Yredelemnul
Zin
The Shining One

Shops:
D:4 (   D:8 (**[   D:9 *!(=   D:10 [

Portals:
Trove: D:12 (give +5 demon whip)

Annotations:
D:9 2 transporters Gauntlet 4 transporters


Innate Abilities, Weirdness & Mutations

Your life essence is reduced to manifest your ancestor. (-10% HP)
You have a beak for a mouth.
You have claws for feet.
Your magical nature lets you fly swiftly and evasively.


Message History

You feel sick.
The minotaur hits you with the +7 great sword of Anguish {venom, rF++ rC+ rN++}!!
* * * LOW HITPOINT WARNING * * *
You are more poisoned.
The minotaur gores you!
* * * LOW HITPOINT WARNING * * *
You swap places.
* * * LOW HITPOINT WARNING * * *
You feel sick.
The minotaur unwields the +7 great sword of Anguish {venom, rF++ rC+ rN++}.
It stops dripping with poison.
The minotaur wields the +0 shortbow of Bloodstone {speed, Fly rPois rC++ Str+3}.
The minotaur shoots an arrow.
The arrow hits Busisiwe!
There is an open door here.
You are confused.
You feel invigorated.
You feel sick.
Busisiwe hits the minotaur but does no damage.
Okay, then.
You feel sick.
The minotaur shoots an arrow.
The arrow hits Busisiwe!
Busisiwe is destroyed!
You bump into the metal wall.
You feel sick.
The minotaur shoots an arrow.
The arrow hits you.
* * * LOW HITPOINT WARNING * * *
You bump into the crystal wall.
You feel sick.
You feel sick.
You feel sick.
You're too confused to move!
You feel sick.
The minotaur shoots an arrow.
The arrow hits you but does no damage.
You bump into the metal wall.
You feel less invigorated.
You feel less confused.
You feel sick.
You feel as though your hastened speed will last longer.
You feel sick.
The minotaur shoots an arrow.
The arrow hits you but does no damage.
You feel sick.
The minotaur unwields the +0 shortbow of Bloodstone {speed, Fly rPois rC++ Str+3}.
The minotaur wields the +7 great sword of Anguish {venom, rF++ rC+ rN++}.
It begins to drip with poison!
The minotaur hits you with the +7 great sword of Anguish {venom, rF++ rC+ rN++}!!!
You die...

#.##....8b#..#(##.
.##....##b.b#..##...
...##.##.8.#..#....
#.##......#..#....
#....##...#..#####
######.##.##.©.#≈......
#∩...'.##......#∩......
######H...##.©.#≈......
#...@##.##...#..#####
#....##.##......#..####R
..## #....##.8.#..#h#h.
..##.##...#..##h.#
##.##....8.#..#h###
#....##...#..#©.##
#######≈8≈#..#!###
#####..#=##. ###..#○.○○


You could see a minotaur.

Vanquished Creatures
  Josephine (D:11)
  3 two-headed ogres
  Erica (D:7)
  A death scarab (Gauntlet)
  Pikel (D:8)
  An orc knight (D:10)
  2 manticores
  Maurice (D:8)
  Psyche (D:7)
  5 gargoyles
  2 ice devils (Gauntlet)
  2 guardian mummies (D:12)
  4 trolls
  Prince Ribbit (D:5)
  3 slime creatures (D:12)
  2 shadows
  4 wraiths
  A vampire (D:10)
  3 wyverns
  17 yaks
  Eustachio (D:5)
  2 fire bats (Gauntlet)
  Grum (D:10)
  A basilisk (D:11)
  4 vampire mosquitoes (D:10)
  A steam dragon (D:7)
  An acid dragon (D:12)
  A water moccasin (D:6)
  A black bear (D:7)
  4 orc warriors
  2 sky beasts (D:6)
  An ogre (D:8)
  3 centaurs
  3 wolves (D:10)
  2 phantoms (D:6)
  A kobold brigand (D:9)
  5 bullfrogs
  2 scorpions
  9 wights
  11 killer bees
  3 howler monkeys
  4 jellies
  2 orc priests
  2 hounds
  A gnoll bouda (D:7)
  2 iguanas
  5 orc wizards
  2 sleepcaps
  11 adders
  3 gnolls (D:7)
  6 white imps
  2 ufetubi
  2 worms (D:2)
  3 dart slugs
  26 orcs
  5 ball pythons
  5 bats
  6 endoplasms
  5 giant cockroaches
  7 goblins
  6 hobgoblins
  9 jackals
  3 quokkas
  3 frilled lizards
  3 kobolds
  2 rats
240 creatures vanquished.

Vanquished Creatures (collateral kills)
  A cyclops (D:11)
  A slime creature (D:12)
  A komodo dragon (shapeshifter) (D:13)
  A troll (D:12)
  A shadow (D:9)
  A wraith (D:11)
  2 yaks (D:11)
  A vampire mosquito (D:10)
  A knight (D:13)
  A white imp (Gauntlet)
  4 orcs
15 creatures vanquished.

Vanquished Creatures (others)
  A wraith (D:11)
  A yak (D:10)
  2 knights (Gauntlet)
  A hobgoblin (D:10)
  A kobold (D:9)
  2 demonic plants (Gauntlet)
8 creatures vanquished.

Grand Total: 263 creatures vanquished

Notes
Turn   | Place    | Note
-------+----------+-------------------------------------------
     0 | D:1      | Aneyh the Tengu Monk began the quest for the Orb.
     0 | D:1      | Reached XP level 1. HP: 14/14 MP: 2/2
   237 | D:1      | Reached XP level 2. HP: 15/19 MP: 3/3
   719 | D:2      | Reached XP level 3. HP: 17/23 MP: 4/4
  1082 | D:2      | Found a basalt altar of Yredelemnul.
  1344 | D:3      | Found a glowing golden altar of the Shining One.
  1381 | D:3      | Reached skill level 5 in Long Blades
  1381 | D:3      | Reached XP level 4. HP: 17/28 MP: 5/5
  1601 | D:3      | Found a burning altar of Makhleb.
  1932 | D:3      | Noticed a scorpion
  1936 | D:3      | Killed a scorpion
  1937 | D:3      | Gained mutation: Your magical nature lets you fly swiftly
                  | and evasively. [Tengu growth]
  1937 | D:3      | Reached XP level 5. HP: 33/33 MP: 6/6
  2326 | D:4      | Identified the +4 ring mail "Bocs" {Regen+ rCorr Int+3}
  2437 | D:4      | Reached XP level 6. HP: 24/38 MP: 7/7
  2441 | D:4      | Reached skill level 4 in Fighting
  2556 | D:4      | Found Ycuraden's Antique Weapon Shoppe.
  2832 | D:5      | Entered Level 5 of the Dungeon
  2842 | D:4      | Reached skill level 1 in Armour
  2962 | D:5      | Noticed Prince Ribbit
  2981 | D:5      | Killed Prince Ribbit
  2982 | D:5      | Reached skill level 5 in Fighting
  2982 | D:5      | Reached XP level 7. HP: 32/44 MP: 8/8
  3155 | D:5      | Found a staircase to the Ecumenical Temple.
  3214 | Temple   | Entered the Ecumenical Temple
  3644 | D:5      | Noticed Eustachio
  3671 | D:5      | Killed Eustachio
  3672 | D:5      | Reached skill level 6 in Fighting
  3672 | D:5      | Reached XP level 8. HP: 48/51 MP: 9/9
  4014 | D:6      | Reached skill level 5 in Armour
  4058 | D:6      | Reached skill level 7 in Fighting
  4315 | D:6      | Found an ancient bone altar of Kikubaaqudgha.
  4341 | D:6      | Reached skill level 8 in Fighting
  4394 | D:6      | Reached XP level 9. HP: 59/60 MP: 10/10
  4769 | D:7      | Reached skill level 9 in Fighting
  4878 | D:7      | Found a basalt altar of Yredelemnul.
  5199 | D:7      | Reached skill level 10 in Fighting
  5235 | D:7      | Found a hide-covered altar of Uskayaw.
  5593 | D:8      | Noticed Psyche
  5627 | D:8      | Noticed Pikel
  5639 | D:8      | Killed Pikel
  5640 | D:8      | Reached skill level 11 in Fighting
  5845 | D:7      | Killed Psyche
  5846 | D:7      | Reached XP level 10. HP: 66/71 MP: 11/11
  5871 | D:8      | Noticed Erica
  5888 | D:7      | Killed Erica
  5889 | D:7      | Reached skill level 12 in Fighting
  5902 | D:8      | Noticed Maurice
  5937 | D:8      | Killed Maurice
  5966 | D:8      | Found Gamuel Gunte's Assorted Antiques.
  5993 | D:8      | Noticed a gargoyle
  6010 | D:8      | Killed a gargoyle
  6089 | D:8      | Found Cadyob's General Store.
  6103 | D:8      | Found Ziuss's Armour Shop.
  6112 | D:8      | Bought the orb of Resourcefulness {mayhem, rC- Int+2 Dex+4}
                  | for 236 gold pieces
  6216 | D:8      | Found Ushroipa's Antique Weapon Emporium.
  6249 | D:8      | Reached skill level 13 in Fighting
  6281 | D:8      | Reached skill level 5 in Dodging
  7409 | D:9      | Found Penwogy's Weapon Shop.
  7426 | D:9      | Found a transporter.
  7426 | D:9      | Found a transporter.
  7427 | D:9      | Noticed a boulder beetle
  7435 | D:9      | Found Lanaur's Distillery.
  7520 | D:9      | Found Suutzafon's General Store.
  7633 | D:9      | Noticed a two-headed ogre
  7643 | D:9      | Killed a two-headed ogre
  7644 | D:9      | Reached XP level 11. HP: 48/79 MP: 12/12
  7699 | D:9      | Reached skill level 14 in Fighting
  7717 | D:9      | Found a staircase to the Lair.
  7852 | D:9      | Found Omoma's Jewellery Shoppe.
  7950 | D:10     | Entered Level 10 of the Dungeon
  7950 | D:10     | Found Oxkaxuwu's Antique Armour Shoppe.
  8170 | D:10     | Noticed Grum
  8193 | D:10     | Killed Grum
  8232 | D:10     | Reached skill level 15 in Fighting
  8440 | D:10     | Found a staircase to the Orcish Mines.
  8865 | D:10     | Noticed an orc knight
  8878 | D:10     | Killed an orc knight
  8963 | D:10     | Found an iron altar of Okawaru.
  8993 | D:10     | Found a hazy altar of Hepliaklqana.
  8998 | D:10     | Became a worshipper of Hepliaklqana the Forgotten
  8998 | D:10     | Reached * piety under Hepliaklqana
  8998 | D:10     | Reached ** piety under Hepliaklqana
  8999 | D:10     | Remembered your ancestor Busisiwe as a knight
  9449 | D:11     | Noticed a two-headed ogre
  9455 | D:11     | Noticed a cyclops
  9456 | D:11     | Killed a two-headed ogre
  9457 | D:11     | Reached XP level 12. HP: 71/79 MP: 13/13
  9463 | D:11     | Reached skill level 16 in Fighting
  9786 | D:11     | Reached *** piety under Hepliaklqana
  9837 | D:11     | Noticed Josephine
  9956 | D:11     | Killed Josephine
 10127 | D:12     | Reached skill level 17 in Fighting
 10473 | D:12     | Noticed a two-headed ogre
 10483 | D:12     | Killed a two-headed ogre
 10670 | D:12     | Found a portal to a secret trove of treasure.
 11089 | D:13     | Found a gate leading to a gauntlet.
 11128 | Gauntlet | Entered a Gauntlet
 11128 | Gauntlet | Found a transporter.
 11128 | Gauntlet | Found a transporter.
 11129 | Gauntlet | Found a transporter.
 11132 | Gauntlet | Found a transporter.
 11143 | Gauntlet | Found a transporter.
 11146 | Gauntlet | Found a transporter.
 11169 | Gauntlet | Found a transporter.
 11190 | Gauntlet | Found a transporter.
 11209 | Gauntlet | Found a transporter.
 11217 | Gauntlet | Found a transporter.
 11219 | Gauntlet | Found the ring of the Tortoise {AC+8}
 11235 | Gauntlet | Found a transporter.
 11239 | Gauntlet | Noticed a death scarab
 11287 | Gauntlet | Found a transporter.
 11550 | Gauntlet | Killed a death scarab
 11577 | Gauntlet | Reached skill level 18 in Fighting
 11829 | Gauntlet | Found the +5 glaive of the Guard {elec, spectral, AC+5}
 11829 | Gauntlet | Identified the +7 great sword of Anguish {venom, rF++ rC+
                  | rN++}
 11829 | Gauntlet | Identified the +0 shortbow of Bloodstone {speed, Fly rPois
                  | rC++ Str+3}
 11829 | Gauntlet | Noticed a minotaur
 11850 | Gauntlet | Demolished by a minotaur

Illustrated notes

Levels and vault maps discovered:
D:1:      psy_arrival_whirlpool, layout_basic
D:2:      layout_rooms, basic_altar
D:3:      layout_basic, lemuel_round_altar, tso_oasis_becter
D:4:      layout_loops_cross, serial_shops, nicolae_shop_rolling_square,
          minivault_14
D:5:      layout_gridville, minmay_temple_entry_nine_rooms,
          nicolae_fountain_basement, uniq_prince_ribbit1, uniq_eustachio
D:6:      layout_cave_pools, mainiacjoe_overflow_boulevard
D:7:      layout_basic, old_standard_altar, mainiacjoe_overflow_small_starburst,
          chequers_serial_rivers_room_b
D:8:      layout_rooms, serial_shops, kennysheep_mini_moat, shop_statue,
          nicolae_shop_tiny_glass, nicolae_shop_dealshenge, grunt_ogre_cave,
          uniq_maurice, uniq_psyche, uniq_pikel, uniq_erica
D:9:      gammafunk_boulding_lane, layout_cave_pods, lair_entry_dummy,
          serial_shops, nicolae_shop_advertising_works
          [nicolae_subvault_shop_adworks], shop, nicolae_shop_industrial_runoff,
          nicolae_shop_real_fake_doors, hangedman_decor_clover_reticule,
          minmay_misc_feat_columns
D:10:     cheibrodos_orc_bank, layout_rooms, mainiacjoe_overflow_brackets,
          nicolae_hepliaklqana_hippocampus, serial_shops, nicolae_stop_n_shop_2,
          uniq_grum
D:11:     layout_grid_maze, minmay_misc_feat_tower, uniq_josephine
D:12:     layout_cave_pools, nicolae_trove_entry_path_of_doom
D:13:     layout_roguey, gauntlet_entry_generic, nrook_guardian_serpent_double
Temple:   minmay_freezing_vapour_temple
Gauntlet: gammafunk_gauntlet_shortcut [nicolae_gauntlet_arena_blocks,
          gammafunk_gauntlet_arena_mazey, gammafunk_gauntlet_arena_spirals,
          nicolae_gauntlet_arena_x, gammafunk_gauntlet_arena_teeth,
          nicolae_gauntlet_swirl, gauntlet_exit_green]

Skill      XL: |  1  2  3  4  5  6  7  8  9 10 11 12 |
---------------+-------------------------------------+-----
Long Blades    | 4 5 6 7 |  7.0
Fighting       | 5 6 8 11 13 15 18 | 18.1
Armour         | 3 4 6 |  6.0
Dodging        | 4 5 7 8 |  8.0

Action                     |  1- 3 |  4- 6 |  7- 9 | 10-12 || total
---------------------------+-------+-------+-------+-------++-------
  Melee: Falchion          |    78 |       |    88 |    17 ||   183
         Kick              |    24 |    29 |    70 |   158 ||   281
         Peck              |    16 |    12 |    39 |    95 ||   162
         Short sword       |     8 |    71 |   101 |       ||   180
         Unarmed           |       |       |    15 |       ||    15
         Scimitar          |       |       |       |   350 ||   350
  Throw: Throwing net      |       |       |       |     1 ||     1
 Invoke: Ancestor Life: Kn |       |       |       |     1 ||     1
         Recall Ancestor   |       |       |       |     1 ||     1
  Evoke: Wand              |       |     1 |       |    19 ||    20
    Use: Scroll            |       |       |       |    15 ||    15
         Potion            |       |       |       |     7 ||     7
   Stab: Distracted        |       |       |       |     8 ||     8
 Armour: Robe              |    15 |     6 |       |       ||    21
         Ring mail         |       |       |    63 |    74 ||   137
         Skin              |       |       |     5 |       ||     5
  Dodge: Dodged            |    68 |    35 |   183 |   481 ||   767

Table legend: (Time is in decaauts)
 A = Elapsed time spent in this place.
 B = Non-inter-level travel time spent in this place.
 C = Inter-level travel time spent in this place.
 D = Time resting spent in this place.
 E = Time spent auto-exploring this place.
 F = Levels seen in this place.
 G = Mean time per level.
                   A        B        C        D        E       F      G
               +--------+--------+--------+--------+--------+-----+--------+
         Total |  11245 |  10642 |    603 |   2495 |   5961 |  15 |  749.7 |
       Dungeon |  10581 |   9978 |    603 |   2318 |   5823 |  13 |  813.9 |
        Temple |      1 |      1 |      0 |      0 |      0 |   1 |    1.0 |
      Gauntlet |    662 |    662 |      0 |    177 |    138 |   1 |  662.0 |
               +--------+--------+--------+--------+--------+-----+--------+

Top non-repeatable levels by time:
    D:10: 1108 daAuts
     D:9: 1102 daAuts
     D:7: 1082 daAuts
     D:5: 1035 daAuts
     D:8: 995 daAuts
     D:3: 865 daAuts
    D:12: 858 daAuts
    D:11: 798 daAuts
     D:4: 691 daAuts
     D:1: 681 daAuts
     D:6: 676 daAuts
Gauntlet: 662 daAuts
     D:2: 538 daAuts
    D:13: 146 daAuts
  Temple: 1 daAuts
